 Dungeon Crawl Stone Soup version 0.25-a0-447-gff83419037 (webtiles) character file.

Game seed: 8784765839571546886, levelgen mode: deterministic

48692 ICC the Nimble (level 14, -5/68 HPs)
             Began as a Vine Stalker Gladiator on Jan 31, 2020.
             Was a High Priest of Wu Jian.
             Splashed by an oklob plant's acid (10 damage)
             ... on level 2 of the Lair of Beasts.
             The game lasted 02:52:40 (12964 turns).

ICC the Nimble (Vine Stalker Gladiator)            Turns: 12964, Time: 02:52:40

Health: -5/68      AC: 11    Str: 17    XL:     14   Next: 47%
Magic:  0/27       EV: 25    Int:  8    God:    Wu Jian [*****.]
Gold:   1074       SH:  8    Dex: 21    Spells: 29/29 levels left

rFire    + . .     SeeInvis .   x - +4 dagger (speed)
rCold    + . .     Gourm    .   R - +2 buckler
rNeg     + . .     Faith    +   I - +3 troll leather armour {Snorg}
rPois    .         Spirit   +   c - +0 helmet
rElec    .         Reflect  .   y - scarf {rC+ rF+}
rCorr    .         Harm     .   B - +0 pair of gloves
MR       +....                  a - +2 pair of boots
Stlth    +.........             n - amulet of faith
HPRegen  1.41/turn              b - +2 ring of evasion
MPRegen  0.20/turn              L - ring of positive energy

@: exhausted, corroded, starving, glowing, heavenly storm
A: fangs 3, blurry vision 1, regeneration 2, magic shield, antimagic bite, no
potion heal 3, rot immunity
a: Wall Jump, Serpent's Lash, Heavenly Storm, Renounce Religion


You were on level 2 of the Lair of Beasts.
You worshipped Wu Jian.
Wu Jian was extremely pleased with you.
You were starving.

You visited 3 branches of the dungeon, and saw 18 of its levels.

You collected 1244 gold pieces.
You spent 170 gold pieces at shops.

Inventory:

Hand Weapons
 u - a +3 short sword of draining
 x - a +4 dagger of speed (weapon)
Missiles
 p - 38 poisoned darts (quivered)
 s - 31 boomerangs
 O - 11 silver boomerangs
 P - a throwing net
 Q - 6 curare-tipped darts
Armour
 a - a +2 pair of boots (worn)
 c - a +0 helmet (worn)
 y - a scarf of resistance (worn)
 B - a +0 pair of gloves (worn)
 I - a +3 troll leather armour (worn) {Snorg}
 R - a +2 buckler (worn)
 U - +0 fire dragon scales
Jewellery
 b - a +2 ring of evasion (left hand)
 n - an amulet of faith (around neck)
 w - a +2 ring of strength
 E - an uncursed ring of protection from cold
 L - a ring of positive energy (right hand)
Scrolls
 l - 8 scrolls of teleportation
 r - 4 scrolls of enchant weapon
 z - 6 scrolls of immolation
 C - 6 scrolls of magic mapping
 D - 2 scrolls of enchant armour
 F - 6 scrolls of remove curse
 G - 2 scrolls of blinking
 H - 5 scrolls of vulnerability
 J - 2 scrolls of amnesia
 M - 2 scrolls of fear
 S - 5 scrolls of identify
 W - a scroll of fog
Potions
 g - 2 potions of might
 h - 2 potions of agility
 i - 2 potions of berserk rage
 k - a potion of invisibility
 m - a potion of flight
 o - 3 potions of lignification
 q - 5 potions of brilliance
 t - 6 potions of curing
 v - a potion of mutation
 A - 2 potions of haste
 N - a potion of resistance
Miscellaneous
 e - a lamp of fire (inert)
Comestibles
 f - 33 rations


   Skills:
 - Level 5.2 Fighting
 - Level 8.0 Short Blades
 - Level 2.0 Throwing
 + Level 12.5 Armour
 + Level 12.5 Dodging
 - Level 4.1 Shields
 - Level 8.0 Spellcasting


You had 29 spell levels left.
You didn't know any spells.
Your spell library contained the following spells:

 Spells                   Type           Power        Failure   Level  Hunger
 Beastly Appendage        Tmut           #.....       22%         1    None
 Corona                   Hex            #......      22%         1    None
 Magic Dart               Conj           #...         22%         1    None
 Blink                    Tloc           N/A          32%         2    ##.....
 Call Imp                 Summ           #.......     32%         2    ##.....
 Ensorcelled Hibernation  Hex/Ice        #.....       32%         2    ##.....
 Slow                     Hex            #.......     32%         2    ##.....
 Sticks to Snakes         Tmut           #.......     32%         2    ##.....
 Confusing Touch          Hex            #.......     54%         3    ###....
 Conjure Flame            Conj/Fire      #.......     54%         3    ###....
 Dazzling Flash           Conj/Hex       #.....       54%         3    ###....
 Inner Flame              Hex/Fire       #.......     54%         3    ###....
 Mephitic Cloud           Conj/Pois/Air  #.......     54%         3    ###....
 Portal Projectile        Hex/Tloc       #.....       54%         3    ###....
 Spider Form              Tmut/Pois      #.........   54%         3    ###....
 Tukima's Dance           Hex            #.......     54%         3    ###....
 Cause Fear               Hex            #.........   91%         4    ####...
 Ice Form                 Ice/Tmut       #.......     91%         4    ####...
 Leda's Liquefaction      Hex/Erth       #.........   91%         4    ####...
 Blade Hands              Tmut           #.........   99%         5    ######.


Dungeon Overview and Level Annotations

Branches:
Dungeon (15/15)            Temple (1/1) D:5            Lair (2/6) D:8
    Orc (0/2) D:11         Vaults (0/5) D:13         Depths (0/5) D:15
  Swamp: Lair:2-4    Shoals: Lair:2-4     Snake: Lair:2-4    Spider: Lair:2-4

Altars:
Ashenzari
Cheibriados
Dithmenos
Elyvilon
Fedhas
Gozag
Hepliaklqana
Kikubaaqudgha
Makhleb
Nemelex Xobeh
Okawaru
Qazlal
Ru
Sif Muna
Trog
Uskayaw
Vehumet
Wu Jian
Xom
Yredelemnul
Zin
The Shining One
Beogh

Shops:
D:5 [   D:8 %   D:13 !   D:15 :

Portals:
Trove: D:12 (give 4 potions of resistance)

Annotations:
Lair:2 exclusion: 3 oklob plants


Innate Abilities, Weirdness & Mutations

You have razor-sharp teeth.
You heal very quickly.
When hurt, damage is shared between your health and your magic reserves.
Your bite disrupts and absorbs the magic of your enemies.
Potions cannot restore your health.
You are immune to rotting.
Scrolls take you a little longer to read.


Message History

You bite the oklob plant, but do no damage.
The oklob plant is moderately damaged.
The oklob plant spits acid at you. The splash of acid hits you.
* * * LOW HITPOINT WARNING * * *
You are splashed with acid!
* * * LOW HITPOINT WARNING * * *
The oklob plant spits acid at you. The splash of acid misses you.
The splash of acid hits the plant!
The plant is splashed with acid.
The acid corrodes the plant!
The oklob plant spits acid at you. The splash of acid misses you.
The air is filled with shimmering golden clouds!
Sifu Jiang Wei says: The storm will not cease as long as you keep fighting, disciple!
You are starving!
The oklob plant spits acid at you. The splash of acid hits you!
* * * LOW HITPOINT WARNING * * *
You are splashed with acid!
You die...

...### ####...##
...# ##....# ...#
#....#.# ...#
##...### ...# ##...#
..># #...###### ...#
##...☼☼P§§# ...###
#....P§○P§# .....#
###..P°@P§#
#....#### #..P§○°F#
#............"######
#.......##..#..
#.......#......
.............(
............+
......... .........


You could see 3 oklob plants and a spiny frog.

Vanquished Creatures
  An ironheart preserver (D:13)
  A fire dragon (D:15)
  Snorg (D:13)
  An ogre mage (D:15)
  A vault guard (D:12)
  Erolcha (D:10)
  A hydra (D:13)
  2 centaur warriors (D:14)
  A tengu warrior (D:15)
  7 two-headed ogres
  The ghost of Jiusaowa the Nimble, a novice FoCK of Gozag (D:13)
  Sonja (D:13)
  3 skeletal warriors (D:13)
  A wizard (D:15)
  An unseen horror (D:14)
  3 deep elf magi
  An orc knight (D:11)
  2 wolf spider zombies
  15 ugly things
  4 cyclopes
  A manticore (D:15)
  2 naga magi (D:15)
  Joseph (D:7)
  Maurice (D:13)
  2 centaur zombies
  A gargoyle (D:10)
  A spiny frog (Lair:2)
  A rime drake (Lair:1)
  An efreet (D:15)
  A kobold demonologist (D:13)
  A komodo dragon (Lair:1)
  2 tengu conjurers
  4 trolls
  9 blink frogs (Lair:1)
  3 hornets
  A blink frog (shapeshifter) (D:13)
  5 hippogriffs
  4 slime creatures (D:13)
  A spriggan (D:7)
  3 shadows
  2 wyverns (D:13)
  A wraith (D:9)
  4 yaks (D:11)
  3 neqoxecs (D:13)
  7 vampire mosquitoes (D:13)
  3 hungry ghosts
  A soldier ant (D:14)
  3 porcupines
  11 orc warriors
  5 water moccasins
  3 ice beasts
  2 sky beasts
  3 black bears
  3 phantoms
  A necrophage (D:11)
  6 ogres
  11 centaurs
  10 bullfrogs
  6 big kobolds
  A wyvern skeleton (D:11)
  5 scorpions
  3 wights (D:9)
  4 killer bees (D:10)
  2 electric eels (Lair:2)
  2 howler monkeys
  7 crimson imps
  4 jellies
  6 quasits
  2 bullfrog zombies
  9 centaur skeletons
  8 hounds
  3 orc priests
  3 orc wizards
  Jessica (D:3)
  An iguana (D:10)
  Terence (D:3)
  Natasha (D:3)
  7 worker ants
  Robin (D:2)
  3 gnolls (D:6)
  16 adders
  3 shadow imps
  A white imp (D:8)
  An ooze (D:5)
  3 adder zombies
  4 worms
  A dart slug (D:3)
  5 leopard geckos
  51 orcs
  4 bats
  4 giant cockroaches
  18 goblins
  13 hobgoblins
  10 jackals
  7 quokkas
  2 ball pythons
  7 frilled lizards
  A goblin skeleton (D:8)
  A goblin zombie (D:8)
  2 hobgoblin zombies (D:8)
  20 kobolds
  3 kobold skeletons (D:8)
  A kobold zombie (D:8)
  A leopard gecko zombie (D:8)
  An orc skeleton (D:8)
  An orc zombie (D:8)
  10 rats
  2 butterflies (D:5)
446 creatures vanquished.

Vanquished Creatures (others)
  A centaur warrior (D:15)
  A plant (Lair:2)
2 creatures vanquished.

Grand Total: 448 creatures vanquished

Notes
Turn   | Place    | Note
-------+----------+-------------------------------------------
     0 | D:1      | ICC the Vine Stalker Gladiator began the quest for the Orb.
     0 | D:1      | Reached XP level 1. HP: 11/11 MP: 2/2
    82 | D:1      | Reached XP level 2. HP: 12/15 MP: 2/4
   170 | D:2      | Reached skill level 1 in Spellcasting
   394 | D:1      | Reached XP level 3. HP: 18/18 MP: 5/5
   965 | D:2      | Found an ancient bone altar of Kikubaaqudgha.
   966 | D:2      | Found a shimmering altar of Xom.
   968 | D:2      | Found a sparkling altar of Nemelex Xobeh.
   968 | D:2      | Found a glowing silver altar of Zin.
   996 | D:2      | Found an ornate altar of the Wu Jian Council.
  1024 | D:2      | Became a worshipper of the Wu Jian Council
  1142 | D:2      | You fall into a shaft and drop 1 floor!
  1165 | D:3      | Noticed Jessica
  1436 | D:2      | Gained mutation: Your natural rate of healing is unusually
                  | fast. [Vine Stalker growth]
  1436 | D:2      | Reached XP level 4. HP: 20/23 MP: 6/8
  1697 | D:2      | Noticed Robin
  1709 | D:2      | Killed Robin
  1959 | D:3      | Noticed Terence
  1973 | D:3      | Killed Terence
  2014 | D:3      | Reached XP level 5. HP: 26/26 MP: 8/10
  2019 | D:3      | Reached * piety under Wu Jian
  2187 | D:4      | Reached skill level 1 in Armour
  2232 | D:3      | Noticed Natasha
  2236 | D:3      | Reached ** piety under Wu Jian
  2243 | D:3      | Killed Natasha
  2393 | D:3      | Killed Jessica
  2393 | D:3      | Reached XP level 6. HP: 30/30 MP: 11/11
  2540 | D:5      | Entered Level 5 of the Dungeon
  2681 | D:4      | Found a hazy altar of Hepliaklqana.
  2684 | D:4      | Found a sacrificial altar of Ru.
  2957 | D:4      | Noticed a moth of wrath
  2959 | D:4      | Found a bloodstained altar of Trog.
  3089 | D:5      | Found a staircase to the Ecumenical Temple.
  3095 | Temple   | Entered the Ecumenical Temple
  3248 | D:5      | Noticed a phantom
  3281 | D:5      | Found a bloodstained altar of Trog.
  3314 | D:5      | Reached XP level 7. HP: 30/35 MP: 10/13
  3698 | D:5      | Found Gidustes's Antique Armour Shop.
  4027 | D:6      | Reached skill level 5 in Short Blades
  4030 | D:6      | Reached skill level 5 in Spellcasting
  4155 | D:6      | Reached *** piety under Wu Jian
  4176 | D:6      | Gained mutation: You have razor-sharp teeth. [Vine Stalker
                  | growth]
  4176 | D:6      | Reached XP level 8. HP: 39/39 MP: 14/17
  4365 | D:6      | Found a stormy altar of Qazlal.
  4367 | D:6      | Noticed an air elemental
  4367 | D:6      | Noticed a water elemental
  4586 | D:7      | Noticed a spriggan baker
  4588 | D:7      | Killed a spriggan baker
  4627 | D:8      | Noticed Joseph
  4637 | D:7      | Killed Joseph
  4859 | D:7      | Reached XP level 9. HP: 42/42 MP: 20/20
  5414 | D:8      | Found Daonn's Food Emporium.
  5498 | D:10     | Entered Level 10 of the Dungeon
  5498 | D:10     | Noticed Erolcha
  5669 | D:8      | Reached **** piety under Wu Jian
  5705 | D:8      | Found a glowing golden altar of the Shining One.
  5857 | D:8      | Found a staircase to the Lair.
  5864 | Lair:1   | Entered Level 1 of the Lair of Beasts
  6407 | D:9      | Reached XP level 10. HP: 45/49 MP: 21/23
  6636 | D:10     | Noticed a gargoyle
  6649 | D:10     | Killed a gargoyle
  6838 | D:10     | Found a runed translucent door.
  6858 | D:10     | Reached ***** piety under Wu Jian
  6881 | D:10     | Reached skill level 5 in Armour
  6881 | D:10     | Reached skill level 5 in Dodging
  7011 | D:10     | Killed Erolcha
  7011 | D:10     | Reached skill level 5 in Fighting
  7503 | D:11     | Paralysed by a hornet for 3 turns
  7505 | D:11     | Reached skill level 1 in Shields
  7654 | D:11     | Reached XP level 11. HP: 25/56 MP: 19/24
  7759 | D:11     | Noticed an orc knight
  7759 | D:11     | Found a roughly hewn altar of Beogh.
  7760 | D:11     | Found a staircase to the Orcish Mines.
  7778 | D:11     | Killed an orc knight
  8177 | D:12     | Noticed a red ugly thing
  8192 | D:12     | Killed a red ugly thing
  8231 | D:12     | Noticed a purple ugly thing
  8241 | D:12     | Killed a purple ugly thing
  8376 | D:12     | Noticed a deep elf mage
  8389 | D:12     | Killed a deep elf mage
  8415 | D:12     | Found a portal to a secret trove of treasure.
  8415 | D:12     | Noticed a vault guard
  8433 | D:12     | Killed a vault guard
  8871 | D:13     | Noticed a cyclops
  8884 | D:13     | Killed a cyclops
  8933 | D:13     | Noticed Maurice
  8934 | D:13     | Gained mutation: You heal very quickly. [Vine Stalker
                  | growth]
  8934 | D:13     | Reached XP level 12. HP: 56/60 MP: 23/25
  8945 | D:13     | Killed Maurice
  9016 | D:13     | Noticed Snorg
  9048 | D:13     | Killed Snorg
  9081 | D:13     | Found a transporter.
  9081 | D:13     | Noticed Jiusaowa's ghost (novice FoCK)
  9094 | D:13     | Found Niramnol's Distillery.
  9273 | D:13     | Noticed a two-headed ogre
  9281 | D:13     | Killed a two-headed ogre
  9301 | D:13     | Noticed Sonja
  9304 | D:13     | Killed Sonja
  9358 | D:13     | Found a transporter.
  9387 | D:13     | Gained mutation: Scrolls take you a little longer to read.
                  | [a neqoxec]
  9391 | D:13     | Killed Jiusaowa's ghost
  9568 | D:13     | Noticed a seven-headed hydra
  9572 | D:13     | Killed a seven-headed hydra
  9572 | D:13     | Reached skill level 10 in Armour
  9572 | D:13     | Reached skill level 10 in Dodging
  9583 | D:13     | Reached XP level 13. HP: 56/63 MP: 26/26
  9590 | D:13     | Found a gate to the Vaults.
  9590 | D:13     | Noticed an ironheart preserver
  9606 | D:13     | Killed an ironheart preserver
  9781 | D:13     | Bought a potion of resistance for 170 gold pieces
 10855 | D:15     | Entered Level 15 of the Dungeon
 10899 | D:15     | Found Tulit's Book Shop.
 11147 | D:15     | Reached XP level 14. HP: 68/68 MP: 27/27
 11533 | D:15     | Found a staircase to the Depths.
 12560 | Lair:2   | Reached ****** piety under Wu Jian
 12964 | Lair:2   | Splashed by an oklob plant's acid

Levels and vault maps discovered:
D:1:      eino_arrival_tree_alley, layout_basic, hangedman_feature_mirror
D:2:      layout_basic, lemuel_crystal_altar,
          chequers_temple_overflow_statue_of_worship, uniq_robin
D:3:      layout_basic, minmay_goblin_kobold_house, uniq_jessica, uniq_natasha,
          uniq_terence
D:4:      layout_rooms, nicolae_overflow_hidden_temple, first_ration, tgw_trog
D:5:      layout_basic, minmay_temple_entry_butterflies, serial_shops,
          nicolae_shop_temple_entry_statues_fountains, trog_three_pillars_becter
D:6:      layout_loops_cross, nicolae_qazlal_style_of_elements
D:7:      layout_loops_corners, the_bakery
D:8:      layout_loops_ring, nicolae_tso_besieged_by_evil, lair_entry_dummy,
          serial_shops, kennysheep_mini, uniq_joseph
D:9:      layout_roguey
D:10:     layout_basic, minmay_st_funbox, uniq_erolcha
D:11:     layout_cave_pools, david_orc_5, serial_park, serial_park_square1
          [serial_park_minivault_5x5_1], serial_park_tiny_2
D:12:     layout_roguey, enter_trove_5
D:13:     layout_roguey, skrybe_vaults_entry_preservation, serial_shops,
          nicolae_shop_statue_plus, gammafunk_ghost_stat_death,
          nrook_loot_triangle, uniq_snorg, uniq_maurice, uniq_sonja
D:14:     layout_irregular_city, minivault_23
D:15:     grunt_enter_depths_magical_seal, layout_basic, serial_shops,
          nicolae_shop_competitors_out_of_business
Temple:   dshaligram_water_room_temple
Lair:1:   layout_roguey, zaba_anthole
Lair:2:   layout_chaotic_city, minmay_lair_oklob_chamber

Skill      XL: |  1  2  3  4  5  6  7  8  9 10 11 12 13 14 |
---------------+-------------------------------------------+-----
Spellcasting   | 1 2 3 5 7 8 |  8.0
Fighting       | 2 3 5 |  5.2
Throwing       | 2 |  2.0
Short Blades   | 3 4 5 7 8 |  8.0
Dodging        | 3 4 5 8 10 11 12 | 12.5
Armour         | 1 2 3 4 5 8 10 11 12 | 12.5
Shields        | 4 |  4.1

Action                   |  1- 3 |  4- 6 |  7- 9 | 10-12 | 13-15 || total
-------------------------+-------+-------+-------+-------+-------++-------
Melee: Rapier            |    14 |       |       |       |       ||    14
       Bite              |    28 |    40 |   102 |   332 |   362 ||   864
       Short sword       |    70 |   153 |   283 |   806 |   779 ||  2091
       Dagger            |       |       |       |       |    80 ||    80
       Scimitar          |       |       |       |       |     3 ||     3
Throw: Stone             |    63 |    33 |       |       |       ||    96
       Dart              |     2 |    10 |    30 |     1 |     8 ||    51
       Throwing net      |       |     1 |     1 |     1 |       ||     3
       Boomerang         |       |    24 |    45 |    41 |       ||   110
Invok: Lunge             |     2 |    24 |    44 |    53 |    55 ||   178
       Whirlwind         |       |    17 |    34 |   172 |   208 ||   431
       Wall Jump         |       |       |     6 |    22 |    30 ||    58
       Serpent's Lash    |       |       |       |     9 |     3 ||    12
       Heavenly Storm    |       |       |       |     1 |     1 ||     2
 Abil: Wall Jump         |       |     1 |     8 |       |       ||     9
Evoke: Wand              |       |       |     2 |    12 |       ||    14
       Lamp of fire      |       |       |       |     1 |     2 ||     3
  Use: Scroll            |       |     4 |    14 |     4 |     2 ||    24
       Potion            |       |       |     1 |     4 |     3 ||     8
 Stab: Sleeping          |       |     2 |     8 |     2 |     3 ||    15
       Held in net/web   |       |     1 |     2 |       |       ||     3
       Paralysed         |       |       |       |     1 |       ||     1
       Invisible         |       |       |       |       |     6 ||     6
  Eat: Chunk             |     1 |     7 |    12 |    13 |     8 ||    41
       Ration            |       |       |       |       |     1 ||     1
Armor: Leather armour    |    17 |    16 |    51 |    62 |       ||   146
       Troll leather arm |       |       |       |    29 |    85 ||   114
       Swamp dragon scal |       |       |       |    11 |       ||    11
Dodge: Dodged            |    45 |    62 |   113 |   346 |   337 ||   903
Block: Buckler           |       |       |       |   159 |   165 ||   324
       Rpst.: Scimitar   |       |       |       |       |     1 ||     1

Table legend:
 A = Non-vault XP
 B = Vault XP
 C = Vault XP percentage of total XP
 D = Non-vault monster count
 E = Vault monster count
 F = Vault count percentage of total count
                 A         B        C        D         E       F
            +---------+---------+-------+---------+---------+-------
      Total |   50509 |   19052 |  27.4 |     345 |     100 |  22.5
            +---------+---------+-------+---------+---------+-------
        D:1 |      36 |       4 |  10.0 |      21 |       2 |   8.7
        D:2 |      55 |      28 |  33.7 |      20 |       8 |  28.6
        D:3 |      78 |     120 |  60.6 |      24 |       9 |  27.3
        D:4 |      84 |       9 |   9.7 |       5 |       5 |  50.0
        D:5 |     490 |       0 |   0.0 |      20 |       0 |   0.0
        D:6 |     488 |       0 |   0.0 |      16 |       0 |   0.0
        D:7 |     732 |     674 |  47.9 |      20 |       2 |   9.1
        D:8 |    1054 |      20 |   1.9 |      22 |      11 |  33.3
        D:9 |    1154 |       0 |   0.0 |      15 |       0 |   0.0
       D:10 |    1011 |    1703 |  62.7 |      19 |       5 |  20.8
       D:11 |    2926 |    1645 |  36.0 |      28 |      21 |  42.9
       D:12 |    3190 |     997 |  23.8 |      13 |       1 |   7.1
       D:13 |   11261 |    6500 |  36.6 |      37 |      20 |  35.1
       D:14 |   14611 |       0 |   0.0 |      36 |       0 |   0.0
       D:15 |    8166 |    7217 |  46.9 |      23 |      12 |  34.3
     Lair:1 |    4124 |     135 |   3.2 |      19 |       4 |  17.4
     Lair:2 |    1049 |       0 |   0.0 |       7 |       0 |   0.0
            +---------+---------+-------+---------+---------+-------
